 Seeded DCSS version 0.31-a0-507-gbafd7f5274 (webtiles) character file.

Game seed: 11267003436938285035 (custom seed)

60 innerfire43 the Ruffian (level 4, -2/34 HPs)
             Began as a Gnoll Shapeshifter on Aug 9, 2023.
             Slain by an adder (4 damage)
             ... on level 3 of the Dungeon.
             The game lasted 00:01:04 (1389 turns).

innerfire43 the Ruffian (Gnoll Shapeshifter)        Turns: 1389, Time: 00:01:05

Health: -2/34      AC:  2    Str: 15    XL:     4   Next: 6%
Magic:  5/5        EV: 13    Int:  7    God:
Gold:   78         SH:  0    Dex: 14    Spells: 5/5 levels left

rFire   . .          .
                       - Unarmed
rCold   . . .        (shield currently unavailable)
rNeg    . . .        a - +0 animal skin
rPois   .            (no helmet)
rElec   .            (no cloak)
rCorr   .            (no gloves)
SInv    .            (no boots)
Will    .....        (no amulet)
Stlth   +            (no ring)
HPRegen 0.25/turn    (no ring)
MPRegen 0.09/turn

%: no passive effects
@: flux-form, glowing
A: glow, contaminating, fangs 1, strong nose, distributed training
a: Begin Untransformation


You were on level 3 of the Dungeon.
You were something dangerously unstable.
You visited 1 branch of the dungeon, and saw 3 of its levels.

You collected 78 gold pieces.

Inventory:

Armour
 a - a +0 animal skin (worn)
Jewellery
 e - a +4 ring of protection
 h - an amulet of the acrobat
Talismans
 c - a beast talisman
 d - a flux talisman (active)
Scrolls
 g - a scroll of torment {unknown}
 i - 4 scrolls of enchant armour {unknown}
 l - a scroll of enchant weapon {unknown}
 n - a scroll of amnesia {unknown}
 p - 2 scrolls of blinking {unknown}
 q - a scroll of teleportation {unknown}
 r - 2 scrolls of identify {unknown}
Potions
 b - a potion of lignification
 f - a potion of brilliance {unknown}
 j - a potion of invisibility {unknown}
 k - a potion of curing {unknown}
 m - a potion of heal wounds {unknown}
 o - a potion of enlightenment {unknown}
 s - a potion of attraction {unknown}


   Skills:
 + Level 2.7 Fighting
 + Level 1.0 Short Blades
 + Level 1.0 Long Blades
 + Level 1.0 Axes
 + Level 1.0 Maces & Flails
 + Level 1.0 Polearms
 + Level 1.0 Staves
 + Level 1.0 Ranged Weapons
 + Level 1.0 Throwing
 + Level 1.0 Armour
 + Level 4.6 Dodging
 + Level 1.0 Stealth
 + Level 1.0 Shields
 + Level 6.6 Unarmed Combat
 + Level 1.0 Spellcasting
 + Level 0.8 Conjurations
 + Level 0.8 Hexes
 + Level 0.8 Summonings
 + Level 0.8 Necromancy
 + Level 0.8 Translocations
 + Level 0.8 Transmutations
 + Level 0.8 Fire Magic
 + Level 0.8 Ice Magic
 + Level 0.8 Air Magic
 + Level 0.8 Earth Magic
 + Level 0.8 Poison Magic
 + Level 1.1 Invocations
 + Level 1.0 Evocations
 + Level 6.5 Shapeshifting


You had 5 spell levels left.
You didn't know any spells.
Your spell library contained the following spells:

 Spells                   Type           Power      Damage    Failure   Level
 Apportation              Tloc           2%         N/A       30%         1
 Alistair's Intoxication  Tmut/Pois      0%         N/A       100%        5


Dungeon Overview and Level Annotations

Branches:
Dungeon (3/15)

Altars:


Innate Abilities, Weirdness & Mutations

You are something dangerously unstable.
You glow with magical radiation, making you easy to see and hit.
Foes you strike become dangerously contaminated with magical radiation.
You are incapable of wielding weapons or throwing items.
You have very sharp teeth.
Your uncanny sense of smell can sniff out nearby items.
Your experience applies equally to all skills.


Message History

The endoplasm shudders as magic cascades through it!
You kill the endoplasm!
An orc comes into view. It is wielding a +0 hand axe.
The orc shouts!
An adder comes into view.
A frilled lizard comes into view.
There are monsters nearby!
The frilled lizard hisses angrily.
The orc hits you with a +0 hand axe.
There are monsters nearby!
You hit the orc.
The orc begins to glow.
The orc is lightly wounded.
The orc hits you with a +0 hand axe.
There are monsters nearby!
You barely miss the orc.
The orc is lightly wounded.
The adder bites you.
You are poisoned.
The adder poisons you! The orc hits you with a +0 hand axe.
There are monsters nearby!
You hit the orc.
The orc glows dangerously bright.
The orc is almost dead.
You feel sick. The adder bites you. The orc misses you.
There are monsters nearby!
You hit the orc.
You kill the orc!
You feel sick. The adder closely misses you. The adder bites you.
You are too injured to fight recklessly!
Unknown command.
You miss the adder.
You feel sick. The adder bites you.
You miss the adder. You bite the adder, but do no damage.
You feel sick. The frilled lizard bites you.
* * * LOW HITPOINT WARNING * * *
The adder bites you.
* * * LOW HITPOINT WARNING * * *
Unknown command.
You hit the adder but do no damage.
The adder begins to glow.
You feel sick.
You are no longer poisoned.
The frilled lizard barely misses you. The adder bites you.
You die...

#.# ... # #.# .#
#.###.## .......
#.... ∆ #Sl# #B.#
###########..#
.............###
########..........
#.#######.###.#####
#....[#...##.#
#.###....#.....# #
#..#...##..# #
#..........#
#########


You could see an adder (contam) and a frilled lizard.

Vanquished Creatures
  An adder (D:2)
  A worm (D:2)
  2 dart slugs (D:1)
  An orc (D:3)
  3 ball pythons
  3 bats
  6 endoplasms
  2 giant cockroaches
  2 goblins
  5 hobgoblins
  2 jackals (D:1)
  2 kobolds (D:2)
  2 quokkas
  A frilled lizard (D:1)
  3 rats
36 creatures vanquished.

Notes
Turn   | Place    | Note
-------+----------+-------------------------------------------
     0 | D:1      | innerfire43 the Gnoll Shapeshifter began the quest for the
                  | Orb.
     0 | D:1      | Reached XP level 1. HP: 17/17 MP: 1/1
    46 | D:1      | Reached XP level 2. HP: 14/23 MP: 2/2
   550 | D:1      | Reached XP level 3. HP: 28/28 MP: 3/3
   783 | D:2      | Reached skill level 1 in Invocations
   854 | D:2      | Reached skill level 1 in Short Blades
   854 | D:2      | Reached skill level 1 in Long Blades
   854 | D:2      | Reached skill level 1 in Axes
   854 | D:2      | Reached skill level 1 in Maces & Flails
   854 | D:2      | Reached skill level 1 in Polearms
   854 | D:2      | Reached skill level 1 in Staves
   854 | D:2      | Reached skill level 1 in Ranged Weapons
   854 | D:2      | Reached skill level 1 in Throwing
   854 | D:2      | Reached skill level 1 in Armour
   854 | D:2      | Reached skill level 1 in Stealth
   854 | D:2      | Reached skill level 1 in Shields
   854 | D:2      | Reached skill level 1 in Spellcasting
   854 | D:2      | Reached skill level 1 in Evocations
  1363 | D:3      | Reached XP level 4. HP: 34/34 MP: 5/5
  1389 | D:3      | Slain by an adder

Illustrated notes

Levels and vault maps discovered:
D:1:      reono_arrival_mine, layout_rooms, serial_bayou_lagoon_b
D:2:      layout_basic
D:3:      layout_loops_ring

Skill      XL: |  1  2  3 |
---------------+----------+-----
Invocations    | 1 |  1.1
Short Blades   | 1 |  1.0
Long Blades    | 1 |  1.0
Axes           | 1 |  1.0
Maces & Flails | 1 |  1.0
Polearms       | 1 |  1.0
Staves         | 1 |  1.0
Ranged Weapons | 1 |  1.0
Throwing       | 1 |  1.0
Armour         | 1 |  1.0
Stealth        | 1 |  1.0
Shields        | 1 |  1.0
Spellcasting   | 1 |  1.0
Evocations     | 1 |  1.0
Fighting       | |  2.7
Dodging        | |  4.6
Unarmed Combat | |  6.6
Conjurations   | |  0.8
Hexes          | |  0.8
Summonings     | |  0.8
Necromancy     | |  0.8
Translocations | |  0.8
Transmutations | |  0.8
Fire Magic     | |  0.8
Ice Magic      | |  0.8
Air Magic      | |  0.8
Earth Magic    | |  0.8
Poison Magic   | |  0.8
Shapeshifting  | |  6.5

Action                     |  1- 3 |  4- 6 || total
---------------------------+-------+-------++-------
  Melee: Unarmed           |    92 |    10 ||   102
         Bite              |     7 |     1 ||     8
 Armour: Animal skin       |    16 |     1 ||    17
  Dodge: Dodged            |    55 |     4 ||    59
   Form: Flux              |     1 |       ||     1

Table legend: (Time is in decaauts)
 A = Elapsed time spent in this place.
 B = Non-inter-level travel time spent in this place.
 C = Inter-level travel time spent in this place.
 D = Time resting spent in this place.
 E = Time spent auto-exploring this place.
 F = Levels seen in this place.
 G = Mean time per level.
                   A        B        C        D        E       F      G
               +--------+--------+--------+--------+--------+-----+--------+
         Total |   1391 |   1319 |     72 |      0 |   1100 |   3 |  463.7 |
       Dungeon |   1391 |   1319 |     72 |      0 |   1100 |   3 |  463.7 |
               +--------+--------+--------+--------+--------+-----+--------+

Top non-repeatable levels by time:
     D:2: 697 daAuts
     D:1: 582 daAuts
     D:3: 111 daAuts
